 Dungeon Crawl Stone Soup version 0.30.1-11-g7821555f0a (webtiles) character file.

Game seed: 5204405166785929741

315 lonewolfV2 the Trooper (level 6, 0/57 HPs)
             Began as a Minotaur Fighter on Nov 5, 2023.
             Slain by Pikel
             ... wielding a +2 whip of flaming
              (1 damage)
             ... on level 4 of the Dungeon.
             The game lasted 00:05:00 (2959 turns).

lonewolfV2 the Trooper (Minotaur Fighter)           Turns: 2959, Time: 00:05:00

Health: 0/57       AC: 12    Str: 20    XL:     6   Next: 19%
Magic:  5/5        EV:  7    Int:  5    God:
Gold:   215        SH:  4    Dex: 12    Spells: 5/5 levels left

rFire   . . .        a - +0 war axe
rCold   . . .        c - +0 buckler
rNeg    . . .        k - +1 plate armour
rPois   .            (helmet restricted)
rElec   .            (no cloak)
rCorr   .            (no gloves)
SInv    .            (no boots)
Will    .....        (no amulet) Stlth
                     (no ring)
HPRegen 0.29/turn    (no ring)
MPRegen 0.09/turn

%: no passive effects
@: mighty
A: horns 2, retaliatory headbutt
a: no special abilities


You were on level 4 of the Dungeon.
You visited 1 branch of the dungeon, and saw 4 of its levels.

You collected 215 gold pieces.

Inventory:

Hand Weapons
 a - a +0 war axe (weapon)
Missiles
 j - a throwing net (quivered)
Armour
 c - a +0 buckler (worn)
 k - a +1 plate armour (worn)
Wands
 n - a wand of acid (10)
Scrolls
 f - 3 scrolls of poison
Potions
 e - a potion of curing {unknown}
 g - a potion of haste {unknown}
 h - a potion of lignification {unknown}
 i - 2 potions of magic {unknown}
 l - a potion of ambrosia {unknown}
 m - a potion of heal wounds {unknown}


   Skills:
 + Level 5.6 Fighting
 - Level 2.4 Axes
 - Level 3.6 Armour
 * Level 5.5 Dodging
 - Level 3.6 Shields


You had 5 spell levels left.
You didn't know any spells.
Your spell library contained the following spells:

 Spells                   Type           Power      Damage    Failure   Level
 Portal Projectile        Hex/Tloc       0%         N/A       100%        3
 Tukima's Dance           Hex            0%         N/A       100%        3
 Blade Hands              Tmut           0%         N/A       100%        5


Dungeon Overview and Level Annotations

Branches:
Dungeon (4/15)
 Temple: D:4-7

Altars:
Fedhas

Annotations:
D:4 Pikel


Innate Abilities, Weirdness & Mutations

You have a pair of horns on your head.
You reflexively headbutt those who attack you in melee.


Message History

The scorpion stings you but does no damage.
Blink to where?
Press: ? - help, Q - select action, (/) - cycle Dir - move target
As you read the scroll of blinking, it crumbles to dust.
Aiming: Corrosive Bolt
Press: ? - help, Q - select action, (/) - cycle Shift-Dir - straight line
Okay, then.
Aiming: Corrosive Bolt
Press: ? - help, Q - select action, (/) - cycle Shift-Dir - straight line, f - scorpion
Aim: a scorpion (lightly wounded, 71% to hit)
The bolt of acid hits the scorpion!
The acid corrodes the scorpion!
The scorpion is heavily wounded.
You see here a jackal corpse.
You completely miss the scorpion. You headbutt the scorpion!
You kill the scorpion!
You have reached level 6!
The lemure barely misses you. You furiously retaliate!
You headbutt the lemure. The lemure attacks as you move away!
The lemure hits you but does no damage. The lemure attacks as you move away!
You block the lemure's attack.
Aiming: Corrosive Bolt
Press: ? - help, Q - select action, (/) - cycle Shift-Dir - straight line, f - lemure
Aim: a lemure (almost dead, 64% to hit)
The bolt of acid hits the lemure!
The acid corrodes the lemure!
You kill the lemure!
That felt strangely unrewarding.
The bolt of acid hits Pikel!
The acid corrodes Pikel!
Pikel is heavily wounded.
The bolt of acid hits the lemure.
The acid corrodes the lemure!
The lemure is moderately wounded.
Aiming: Corrosive Bolt
Press: ? - help, Q - select action, (/) - cycle Shift-Dir - straight line, f - Pikel
Aim: Pikel, wielding a +2 whip of flaming and wearing a +0 robe (heavily wounded, covered in acid, 64% to hit)
The bolt of acid hits Pikel!
Pikel is severely wounded.
The bolt of acid misses the lemure.
Pikel hits you with a +2 whip of flaming!
* * * LOW HITPOINT WARNING * * *
Pikel burns you.
You die...

###### #....# #....#
#....###########
#....#.........#
#..@.#.........#
#..K.#.........#
#..5...........#
###...##.........#####
#######...[.#########..#....
........##..# ##.#$...
##########..# #.#†.5. #..###
#####.#.5K#
#....####5.5...).>#


You could see Pikel (corroded) and a lemure (corroded).

Vanquished Creatures
  2 lemures (D:4)
  A scorpion (D:4)
  2 hounds
  A sleepcap (D:3)
  8 gnolls (D:3)
  3 adders
  A worm (D:2)
  A dart slug (D:2)
  3 orcs
  8 endoplasms
  3 giant cockroaches
  2 goblins (D:4)
  5 hobgoblins
  2 jackals (D:4)
  4 kobolds
  A quokka (D:1)
  5 ball pythons
  5 bats
  5 frilled lizards
  A rat (D:3)
63 creatures vanquished.

Vanquished Creatures (others)
  A kobold (D:3)
1 creature vanquished.

Grand Total: 64 creatures vanquished

Notes
Turn   | Place    | Note
-------+----------+-------------------------------------------
     0 | D:1      | lonewolfV2 the Minotaur Fighter began the quest for the
                  | Orb.
     0 | D:1      | Reached XP level 1. HP: 19/19 MP: 0/0
     6 | D:1      | Noticed a komodo dragon
     6 | D:1      | Noticed a lindwurm
     6 | D:1      | Noticed a polar bear
     7 | D:1      | Noticed an anaconda
     7 | D:1      | Noticed a rime drake
   153 | D:1      | Reached skill level 1 in Dodging
   274 | D:1      | Reached XP level 2. HP: 23/27 MP: 1/1
   950 | D:2      | Reached XP level 3. HP: 32/33 MP: 2/2
  1606 | D:3      | Found a blossoming altar of Fedhas.
  1721 | D:3      | Reached XP level 4. HP: 39/41 MP: 3/3
  1841 | D:3      | Reached skill level 5 in Fighting
  1841 | D:3      | Reached XP level 5. HP: 43/48 MP: 4/4
  2918 | D:4      | Noticed Pikel
  2925 | D:4      | Noticed a lemure
  2925 | D:4      | Noticed a lemure
  2931 | D:4      | Noticed a lemure
  2936 | D:4      | Reached skill level 5 in Dodging
  2936 | D:4      | Killed a lemure
  2948 | D:4      | Reached XP level 6. HP: 7/57 MP: 5/5
  2959 | D:4      | HP: 1/57 [Pikel/+2 whip of flaming (10)]
  2959 | D:4      | Slain by Pikel

Illustrated notes

Levels and vault maps discovered:
D:1:      onia_arrival_zoo_common, layout_loops_ring, wad_floor_pattern_1,
          kennysheep_crisscross
D:2:      minmay_alternating_diamond, layout_loops_corners, hex_medium
D:3:      layout_basic, fedhas_ov_isle_minmay, lemuel_flame_loot_1
D:4:      layout_rooms, nicolae_qazlal_general_emergency, uniq_sigmund,
          uniq_pikel

Skill      XL: |  1  2  3  4  5 |
---------------+----------------+-----
Dodging        | 1 2 3 4 5 |  5.5
Fighting       | 4 5 |  5.6
Axes           | |  2.4
Armour         | |  3.6
Shields        | |  3.6

Action                     |  1- 3 |  4- 6 || total
---------------------------+-------+-------++-------
  Melee: War axe           |    77 |    73 ||   150
         Headbutt          |    11 |    11 ||    22
  Evoke: Wand              |       |     3 ||     3
    Use: Scroll            |     3 |     3 ||     6
         Potion            |       |     1 ||     1
 Armour: Scale mail        |    37 |       ||    37
         Plate armour      |     5 |    67 ||    72
  Dodge: Dodged            |    36 |    38 ||    74
  Block: Buckler           |    16 |    14 ||    30
